 Dungeon Crawl Stone Soup version 0.29-a0-344-ge2f44be95a (webtiles) character file.

Game seed: 11957307138043173406

49 Shayle the Sneak (level 3, 0/22 HPs)
             Began as a Tengu Brigand on Apr 21, 2022.
             Killed by divine providence
             ... invoked by an orc priest
              (12 damage)
             ... on level 2 of the Dungeon.
             The game lasted 00:03:02 (1464 turns).

Shayle the Sneak (Tengu Brigand)                    Turns: 1464, Time: 00:03:03

Health: 0/22       AC:  3    Str: 11    XL:     3   Next: 75%
Magic:  4/4        EV: 12    Int: 13    God:
Gold:   58         SH:  0    Dex: 15    Spells: 2/2 levels left

rFire   . . .      SeeInvis .   h - staff of death
rCold   . . .      Faith    .   (no shield)
rNeg    + . .      Spirit   .   b - +0 robe
rPois   .          Reflect  .   (helmet restricted)
rElec   .          Harm     .   c - +0 cloak
rCorr   .          Rampage  .   (no gloves)
Will    .....                   (boots unavailable)
Stlth   +++.......              (no amulet)
HPRegen 0.07/turn               (no ring)
MPRegen 0.09/turn               (no ring)

@: no status effects
A: beak, talons 3
a: no special abilities


You were on level 2 of the Dungeon.
You visited 1 branch of the dungeon, and saw 2 of its levels.

You collected 58 gold pieces.

Inventory:

Hand Weapons
 a - a +2 dagger
 m - a +0 short sword of electrocution
Missiles
 d - 9 poisoned darts (quivered)
 e - 3 curare-tipped darts
Armour
 b - a +0 robe (worn)
 c - a +0 cloak (worn)
Magical Staves
 h - a staff of death (weapon)
Jewellery
 k - a +4 ring of evasion
Scrolls
 g - a scroll of torment {unknown}
 i - a scroll of enchant weapon {unknown}
 j - 2 scrolls of teleportation {unknown}
 l - a scroll of identify {unknown}
Potions
 f - a potion of curing {unknown}


   Skills:
 + Level 2.7 Fighting
 - Level 2.1 Short Blades
 + Level 0.7 Staves
 - Level 2.0 Throwing
 + Level 2.1 Dodging
 - Level 4.3 Stealth
 + Level 0.7 Necromancy
 + Level 0.5 Evocations


You had 2 spell levels left.
You didn't know any spells.
Your spell library contained the following spells:

 Spells                   Type           Power      Damage    Failure   Level
 Ensorcelled Hibernation  Hex/Ice        0%         N/A       43%         2
 Passwall                 Tmut/Erth      0%         N/A       43%         2
 Swiftness                Air            0%         N/A       67%         3


Dungeon Overview and Level Annotations

Branches:
Dungeon (2/15)

Altars:


Innate Abilities, Weirdness & Mutations

You have a beak for a mouth.
You have claws for feet.


Message History

The orc completely misses you.
You closely miss the orc. Your kick misses the orc. Your peck misses the orc.
The orc hits you with a +0 war axe!
The orc hits you with a +0 short sword of electrocution.
You hit the orc. You claw the orc.
The orc is heavily wounded.
The orc barely misses you. x2
You hit the orc. Your kick misses the orc. You peck the orc.
You kill the orc!
The orc closely misses you.
You hit the orc. You claw the orc, but do no damage.
The orc is severely wounded.
The orc barely misses you.
You barely miss the orc. You claw the orc.
You kill the orc!
Things that are here:
a +0 short sword of electrocution; an orc corpse
m - a +0 short sword of electrocution
There is a stone staircase leading down here.
You start resting.
HP restored.
A kobold comes into view. It is wielding a +0 short sword.
You see here an orc corpse.
An orc priest comes into view. It is wielding a +0 short sword.
The orc priest shouts!
The orc priest calls down the wrath of Beogh upon you.
Beogh smites you!
You hear a shout!
The orc priest closely misses you.
You hit the orc priest. You claw the orc priest.
Your peck misses the orc priest.
The orc priest is severely wounded.
The orc priest hits you but does no damage.
You hit the orc priest but do no damage.
You peck the orc priest.
The orc priest is severely wounded.
The orc priest invokes the aid of Beogh against you.
Beogh smites you!
Ouch! That really hurt!
You die...

#........#
####....####
#.#####..#
#........
#..#
#....####
#..# #....#
#. #..#
#....#
##...####.#
#....#
..........#
#....#
.......#o.#
#....#
.#...#.#@.#
#....# ....
..#..#
###.## ...
...#†)# ..
....#..# .
o..#.#..#
......#..#
#.># ##..#
#...#


You could see an orc priest.

Vanquished Creatures
  An adder (D:2)
  A worm (D:2)
  A dart slug (D:2)
  2 orcs (D:2)
  2 ball pythons
  5 endoplasms
  2 goblins (D:1)
  4 hobgoblins
  3 bats (D:1)
  4 frilled lizards
  4 kobolds (D:1)
  5 rats (D:1)
34 creatures vanquished.

Notes
Turn   | Place    | Note
-------+----------+-------------------------------------------
     0 | D:1      | Shayle the Tengu Brigand began the quest for the Orb.
     0 | D:1      | Reached XP level 1. HP: 12/12 MP: 2/2
   192 | D:1      | Reached XP level 2. HP: 17/17 MP: 3/3
   720 | D:2      | Reached XP level 3. HP: 17/22 MP: 4/4
  1464 | D:2      | Killed from afar by an orc priest

Illustrated notes

Levels and vault maps discovered:
D:1:      sevenhm_arrival_forest_fort_small_4, layout_rooms
D:2:      cheibrodos_pilgrimage, layout_basic

Skill      XL: |  1  2  3 |
---------------+----------+-----
Dodging        | 2 |  2.1
Fighting       | |  2.7
Short Blades   | |  2.1
Staves         | |  0.7
Throwing       | |  2.0
Stealth        | |  4.3
Necromancy     | |  0.7
Evocations     | |  0.5

Action                   || total
-------------------------++-------
Melee: Dagger            ||    31
       Kick              ||    19
       Peck              ||    14
       Staff             ||    42
 Stab: Sleeping          ||     7
Armor: Robe              ||    18
Dodge: Dodged            ||    37

Table legend: (Time is in decaauts)
 A = Elapsed time spent in this place.
 B = Non-inter-level travel time spent in this place.
 C = Inter-level travel time spent in this place.
 D = Time resting spent in this place.
 E = Time spent auto-exploring this place.
 F = Levels seen in this place.
 G = Mean time per level.
                   A        B        C        D        E       F      G
               +--------+--------+--------+--------+--------+-----+--------+
         Total |   1470 |   1442 |     28 |    106 |   1029 |   2 |  735.0 |
       Dungeon |   1470 |   1442 |     28 |    106 |   1029 |   2 |  735.0 |
               +--------+--------+--------+--------+--------+-----+--------+

Top non-repeatable levels by time:
     D:2: 756 daAuts
     D:1: 714 daAuts
